[Event "Titled Tuesday Blitz February 15 Late 2022"]
[White "Wagner, Dennis"]
[Black "Fishbein, Alexander"]
[WhiteFideId "24650684"]
[BlackFideId "2000377"]
[WhiteElo "2355"]
[BlackElo "2442"]
[Result "1-0"]
[Round "07"]
[TimeControl "180+1"]
[Date "2022.02.15"]
[WhiteClock "0:00:12"]
[BlackClock "0:00:04"]

1. d4 Nf6 2. c4 g6 3. Nc3 Bg7 4. e4 d6 5. Be2 O-O 6. Be3 a6 7. Qd2 c6 8. a4 a5 9. h4 e5 10. d5 cxd5 11. cxd5 h5 12. f3 Na6 13. Bxa6 bxa6 14. Nge2 Rb8 15. O-O-O Bd7 16. Kb1 Qe8 17. Qc2 Rb4 18. Rc1 Bxa4 19. Nxa4 Rxa4 20. Bd2 Qd7 21. Qc6 Rb8 22. Qxd7 Nxd7 23. Rc6 Nc5 24. Kc2 Ra2 25. Rb1 Ra4 26. Rxd6 Rc4+ 27. Bc3 a4 28. Rc6 Bf8 29. Ra1 f5 30. exf5 gxf5 31. Ng3 Rxh4 32. Nxf5 Rh2 33. Ne3 Kh7 34. Bxe5 Rb3 35. Bxh2 Rxe3 36. Rd1 Nb3 37. d6 Re2+ 38. Kc3 Bg7+ 39. Kb4 Rxb2 40. Kxa4 Nd4 41. Rxd4 Bxd4 42. d7 Bb6 43. Rxb6 Ra2+ 44. Kb3 Rd2 45. Rd6 Rxg2 46. d8=Q 1-0


[Site "https://www.chess.com"]

[Event "Titled Tuesday Blitz February 15 Late 2022"]
[White "Wan, Joseph"]
[Black "Titichoca Daza, Daniel"]
[WhiteFideId "2069890"]
[BlackFideId "3309550"]
[WhiteElo "2149"]
[BlackElo "1968"]
[Result "1-0"]
[Round "07"]
[TimeControl "180+1"]
[Date "2022.02.15"]
[WhiteClock "0:01:53"]
[BlackClock "0:00:51"]

1. d4 Nf6 2. Bf4 d6 3. e3 g6 4. h3 Bg7 5. Nf3 O-O 6. Be2 c5 7. O-O Nc6 8. c4 cxd4 9. exd4 e5 10. dxe5 Nh5 11. Bg5 Qb6 12. Qxd6 Qxb2 13. Nbd2 Nxe5 14. Rab1 Nxf3+ 15. Bxf3 Qd4 16. Qxd4 Bxd4 17. Bxb7 Rb8 18. Bd5 Ba6 19. Rfe1 Nf6 20. Bxf6 Bxf6 21. Ne4 Bd4 22. Rxb8 Rxb8 23. Nd6 Kg7 24. Nxf7 Rb2 25. Rf1 Rxa2 26. Ng5 Rc2 27. Ne6+ 1-0


[Site "https://www.chess.com"]

[Event "Titled Tuesday Blitz February 15 Late 2022"]
[White "Xiong, Jeffery"]
[Black "Dubov, Daniil"]
[WhiteFideId "2047640"]
[BlackFideId "24126055"]
[WhiteElo "2727"]
[BlackElo "2791"]
[Result "1-0"]
[Round "07"]
[TimeControl "180+1"]
[Date "2022.02.15"]
[WhiteClock "0:00:11"]
[BlackClock "0:00:01"]

1. d4 Nf6 2. Nf3 g6 3. Nbd2 d5 4. b3 Bg7 5. Bb2 O-O 6. e3 b6 7. Be2 Bb7 8. O-O Nbd7 9. a4 c5 10. a5 Qc7 11. c4 Ne4 12. cxd5 Bxd5 13. Nxe4 Bxe4 14. Bc4 Rad8 15. Ng5 Bb7 16. axb6 axb6 17. Qg4 Nf6 18. Qg3 Qxg3 19. hxg3 Bd5 20. Ra6 b5 21. Bxb5 Rb8 22. Ra5 cxd4 23. Bxd4 Bxb3 24. Bc5 Nd5 25. Bc6 Bc3 26. Ra3 Bb2 27. Rxb3 Rxb3 28. Bxd5 Rb5 29. Ne4 Rc8 30. Rb1 e6 31. Bc4 Rbxc5 32. Nxc5 Rxc5 33. Bxe6 Rc1+ 34. Rxc1 Bxc1 35. Bc4 Ba3 36. g4 Bc5 37. Kf1 Kg7 38. Ke2 g5 39. Kf3 f6 40. Ke4 Bb4 41. Kf5 Be1 42. f3 Bf2 43. e4 Bd4 44. g3 h6 45. f4 gxf4 46. gxf4 Bc3 47. Ke6 Bd2 48. e5 fxe5 49. fxe5 1-0


[Site "https://www.chess.com"]

[Event "Titled Tuesday Blitz February 15 Late 2022"]
[White "Yedidia, Daniel"]
[Black "Pinheiro, Iung Alicio de O."]
[WhiteFideId "30905907"]
[BlackFideId "2104350"]
[WhiteElo "2490"]
[BlackElo "2635"]
[Result "1-0"]
[Round "07"]
[TimeControl "180+1"]
[Date "2022.02.16"]
[WhiteClock "0:00:07"]
[BlackClock "0:00:06"]

1. d4 Nf6 2. c4 g6 3. Nc3 d5 4. cxd5 Nxd5 5. Bd2 Bg7 6. e4 Nb6 7. Be3 O-O 8. Qd2 Nc6 9. Nf3 Bg4 10. d5 Bxf3 11. gxf3 Ne5 12. Be2 c6 13. dxc6 bxc6 14. b3 Qc8 15. Rc1 Rd8 16. Qc2 Qh3 17. f4 Nf3+ 18. Bxf3 Qxf3 19. O-O Rac8 20. Qe2 Qh3 21. f3 Rd7 22. Rfd1 Rcd8 23. Rxd7 Rxd7 24. Nd1 Qe6 25. Nf2 h5 26. Qc2 Rc7 27. Nd3 c5 28. Nxc5 Qh3 29. Qg2 Qc8 30. b4 a5 31. a3 axb4 32. axb4 Nd7 33. Qf2 Nb6 34. Rd1 Nc4 35. Bd4 e5 36. fxe5 Nxe5 37. Bxe5 Bxe5 38. Qd2 Qh3 39. Qg2 Qc8 40. Qd2 Kg7 41. Qg2 Rc6 42. Rd5 Qe8 43. Qg5 f6 44. Qd2 Rc7 45. f4 Bxf4 46. Qxf4 Re7 47. Qd2 g5 48. Rd7 Kg6 49. Rxe7 Qxe7 50. Qd5 Qa7 51. Qg8+ Kh6 52. Qh8+ Kg6 53. Qe8+ Kh6 54. Qa4 Qe7 55. Qc6 Qe5 56. Qe6 Qa1+ 57. Kg2 Qb2+ 58. Kf3 Qc3+ 59. Ke2 Qc2+ 60. Ke3 Qc3+ 61. Nd3 Qa1 62. e5 Qg1+ 63. Ke4 Qg2+ 64. Kd4 Qxh2 65. Qxf6+ Kh7 66. e6 Qg1+ 67. Kc4 Qd1 68. Qf5+ Kh6 69. e7 Qc2+ 70. Kb5 Qc7 71. Qe6+ Kh7 72. Qf7+ Kh6 73. e8=Q Qb7+ 74. Kc4 Qa6+ 75. Qb5 Qa2+ 76. Kd4 Qxf7 77. Qc6+ Kg7 78. Ne5 Qf2+ 79. Kd5 Qd2+ 80. Ke6 Qa2+ 81. Ke7 Qg8 82. Qg6+ Kh8 83. Nf7+ Qxf7+ 84. Kxf7 g4 85. Qh6# 1-0


[Site "https://www.chess.com"]

[Event "Titled Tuesday Blitz February 15 Late 2022"]
[White "Yoo, Christopher Woojin"]
[Black "Klukin, Kirill"]
[WhiteFideId "30909694"]
[BlackFideId "24199273"]
[WhiteElo "2105"]
[BlackElo "2324"]
[Result "1/2-1/2"]
[Round "07"]
[TimeControl "180+1"]
[Date "2022.02.15"]
[WhiteClock "0:00:05"]
[BlackClock "0:00:13"]

1. e4 c5 2. Nf3 Nc6 3. b4 d6 4. bxc5 dxc5 5. Bb5 Bd7 6. O-O Nf6 7. d3 a6 8. Bxc6 Bxc6 9. Bb2 e6 10. Ne5 Qc7 11. Nxc6 Qxc6 12. Nd2 b5 13. a4 Be7 14. axb5 axb5 15. Rxa8+ Qxa8 16. Qa1 O-O 17. Be5 c4 18. dxc4 bxc4 19. Qxa8 Rxa8 20. Ra1 Rxa1+ 21. Bxa1 Bb4 22. c3 Bc5 23. Kf1 Ng4 24. f3 Ne3+ 25. Ke2 Nxg2 26. Nxc4 g5 27. Bb2 Nf4+ 28. Kf1 Nd3 29. Ba3 Bxa3 30. Nxa3 Ne5 31. Ke2 Kf8 32. Nc2 Ke7 33. Nd4 Kd6 34. Ke3 Ng6 35. Nb3 h5 36. c4 Ne5 37. c5+ Kc6 38. h3 Ng6 39. Kd4 Nh4 40. Na5+ Kb5 41. c6 Kb6 42. Ke3 Ng2+ 43. Kf2 Nf4 44. Nc4+ Kc7 45. Kg3 h4+ 46. Kg4 f6 47. e5 f5+ 48. Kxg5 Nxh3+ 49. Kxh4 Ng1 50. f4 Kxc6 51. Kg5 Ne2 52. Nd6 Kd5 53. Ne8 Ke4 54. Nf6+ Kf3 55. Nh5 Ke4 56. Kf6 Nxf4 57. Nxf4 Kxf4 58. Kxe6 Kg4 59. Kd5 f4 60. e6 f3 61. e7 f2 62. e8=Q f1=Q 63. Qg6+ Kh3 64. Qh5+ Kg3 65. Qg5+ Kh3 66. Qe3+ Kg2 67. Qg5+ Kh3 68. Qh5+ Kg3 69. Qg6+ Kh2 70. Qh7+ Qh3 71. Qc7+ Qg3 72. Qc2+ Qg2+ 73. Qxg2+ Kxg2 1/2-1/2


[Site "https://www.chess.com"]

[Event "Titled Tuesday Blitz February 15 Late 2022"]
[White "Yushko, Olga"]
[Black "Slugin, Sergey"]
[WhiteFideId "14114500"]
[BlackFideId "4122569"]
[WhiteElo "2028"]
[BlackElo "2358"]
[Result "1/2-1/2"]
[Round "07"]
[TimeControl "180+1"]
[Date "2022.02.16"]
[WhiteClock "0:00:05"]
[BlackClock "0:00:08"]

1. d4 Nf6 2. c4 c5 3. d5 e6 4. Nc3 exd5 5. cxd5 d6 6. e4 g6 7. Nf3 Bg7 8. Bd3 O-O 9. h3 b5 10. Nxb5 Nxe4 11. Bxe4 Re8 12. Nd2 f5 13. O-O fxe4 14. Re1 Bf5 15. Qa4 Qd7 16. Nc3 Qxa4 17. Nxa4 Bd4 18. Nc4 Rf8 19. Bh6 Rf6 20. Bg5 Rf8 21. Nxd6 Bd7 22. Nc3 Bxf2+ 23. Kh2 Bxe1 24. Rxe1 Na6 25. Ncxe4 Kg7 26. Rc1 h6 27. Be7 Rf4 28. Nxc5 Nxc5 29. Rxc5 Rf2 30. Ne4 Re2 31. Rc7 Rxe4 32. Rxd7 Kf7 33. Bc5+ Ke8 34. Rh7 Rc8 35. Rh8+ Kd7 36. Rh7+ Kd8 37. Bxa7 Rc2 38. Bb6+ Kc8 39. Rxh6 g5 40. Rg6 Rxb2 41. d6 Reb4 42. Bc5 Rc4 43. Rg8+ Kd7 44. Rg7+ Kc6 45. d7 Rd2 46. Be3 Rxd7 47. Rg6+ Kb5 48. Rxg5+ Ka4 49. Bb6 Rd2 50. Ra5+ Kb4 51. a3+ Kb3 52. Ra8 Rcc2 53. Rg8 Kxa3 54. h4 Rc4 55. Kh3 Rd3+ 56. g3 Rd1 57. h5 Rh1+ 58. Kg2 Rxh5 59. Ra8+ Kb3 60. Rb8 Kc2 61. Be3 Re5 62. Bf4 Rd5 63. Re8 Kd3 64. Re3+ Kd4 65. Re2 Kc5 66. Be3+ Kc6 67. Bf4 Rcd4 68. Re6+ Kd7 69. Ra6 Ke7 70. Ra7+ Ke6 71. Ra6+ Kf5 72. Ra8 Rd2+ 73. Bxd2 Rxd2+ 74. Kh3 Kg6 75. Rg8+ Kf7 76. Rg5 Kf6 77. Rg8 Kf7 78. Ra8 Kg7 79. Kg4 Kg6 80. Kh4 Rd4+ 81. g4 Rd1 82. Ra6+ Kg7 83. Ra5 Rd7 84. Kg5 Rc7 85. Kh5 Rd7 86. g5 Rd6 87. Ra7+ Kg8 88. g6 Rd1 89. Ra8+ Kg7 90. Ra7+ Kg8 91. Ra4 Rd2 92. Kg5 Rg2+ 93. Kf6 Rf2+ 94. Kg5 Rg2+ 95. Rg4 Rxg4+ 96. Kxg4 Kg7 97. Kg5 Kg8 98. Kf5 Kg7 99. Kg5 Kg8 100. Kh5 Kg7 101. Kg5 1/2-1/2


[Site "https://www.chess.com"]

[Event "Titled Tuesday Blitz February 15 Late 2022"]
[White "Zhigalko, Sergei"]
[Black "Lavrik, Dmitry"]
[WhiteFideId "13502956"]
[BlackFideId "24113190"]
[WhiteElo "2662"]
[BlackElo "2369"]
[Result "1-0"]
[Round "07"]
[TimeControl "180+1"]
[Date "2022.02.15"]
[WhiteClock "0:00:46"]
[BlackClock "0:00:05"]

1. e4 e5 2. Nf3 Nc6 3. Bb5 a6 4. Ba4 Nge7 5. O-O g6 6. c3 Bg7 7. d4 exd4 8. cxd4 O-O 9. Nc3 b5 10. Bc2 b4 11. Na4 d5 12. e5 Bg4 13. Be3 f6 14. e6 Bxe6 15. Re1 Bf7 16. Nc5 g5 17. Rc1 Ng6 18. Bf5 Nce7 19. Ne6 Qd6 20. Nxf8 Nxf5 21. Nxg6 hxg6 22. h3 Rc8 23. Bd2 Bf8 24. Qa4 c6 25. Qxa6 Qd7 26. Qb6 Bd6 27. Rc2 Ne7 28. Rcc1 Kg7 29. Bxb4 Rb8 30. Rxe7 Qxe7 31. Qxb8 Bxb4 32. Rxc6 Qe4 33. Qxb4 1-0


[Site "https://www.chess.com"]

[Event "Titled Tuesday Blitz February 15 Late 2022"]
[White "volunteers1998"]
[Black "Jimenez Fernandez, Rebeca"]
[BlackFideId "32070934"]
[WhiteElo "2258"]
[BlackElo "1853"]
[Result "1/2-1/2"]
[Round "07"]
[TimeControl "180+1"]
[Date "2022.02.16"]
[WhiteClock "0:00:53"]
[BlackClock "0:00:17"]

1. e4 c5 2. Nf3 Nc6 3. Bb5 g6 4. O-O Bg7 5. Re1 Nf6 6. e5 Nd5 7. Nc3 Nc7 8. Bxc6 dxc6 9. Ne4 Ne6 10. d3 O-O 11. Be3 b6 12. Qd2 Nd4 13. Nxd4 cxd4 14. Bh6 c5 15. Bxg7 Kxg7 16. a4 Bb7 17. f3 Qd5 18. Nf2 Rae8 19. Qf4 f6 20. exf6+ exf6 21. b3 Re6 22. Rxe6 Qxe6 23. Kf1 Re8 24. Ne4 f5 25. Nd6 Qe2+ 26. Kg1 Re7 27. Nxb7 Rxb7 28. a5 Re7 29. axb6 axb6 30. Qd6 Qe3+ 31. Kf1 Qe2+ 32. Kg1 Qe3+ 33. Kf1 Qe2+ 34. Kg1 1/2-1/2


[Site "https://www.chess.com"]

[Event "Titled Tuesday Blitz February 15 Late 2022"]
[White "Abdrlauf, Elham"]
[Black "Paravyan, David"]
[WhiteFideId "1533533"]
[BlackFideId "4194985"]
[WhiteElo "2334"]
[BlackElo "2569"]
[Result "1-0"]
[Round "08"]
[TimeControl "180+1"]
[Date "2022.02.15"]
[WhiteClock "0:00:07"]
[BlackClock "0:00:08"]

1. e4 e5 2. Nc3 Nf6 3. d4 exd4 4. Qxd4 Nc6 5. Qd3 d5 6. Bf4 d4 7. Nb5 Bb4+ 8. c3 dxc3 9. Qxd8+ Kxd8 10. O-O-O+ Bd7 11. bxc3 Ba5 12. f3 Kc8 13. Kb2 Re8 14. Ne2 Ne5 15. Ned4 a6 16. Na3 b5 17. Nb3 Bb6 18. c4 Ng6 19. Bg3 Nh5 20. cxb5 Nxg3 21. hxg3 axb5 22. Bxb5 Bxb5 23. Nxb5 h6 24. Nc3 Ne5 25. Nd5 Nc4+ 26. Kc3 Ra4 27. Nxb6+ Nxb6 28. Kb2 Nc4+ 29. Kb1 Re6 30. Rc1 Rea6 31. Rhd1 Na3+ 32. Ka1 Nc4 33. Kb1 Na3+ 34. Kb2 Nb5 35. Ra1 Rxa2+ 36. Rxa2 Rxa2+ 37. Kxa2 Nc3+ 38. Kb2 Nxd1+ 39. Kc2 Ne3+ 40. Kd3 Nd1 41. Nc5 Kd8 42. g4 Ke7 43. Na4 Kd6 44. Ke2 Ke5 45. Kxd1 Kd4 46. Ke2 c5 47. Nb6 c4 48. Nd5 c3 49. Ne3 g6 50. Nc2+ Kc4 51. Ke3 g5 52. g3 f6 53. f4 Kb5 54. Kd3 Kc5 55. Kxc3 f5 56. exf5 Kd5 57. fxg5 hxg5 1-0


[Site "https://www.chess.com"]

[Event "Titled Tuesday Blitz February 15 Late 2022"]
[White "Adewumi, Tanitoluwa"]
[Black "Daianu, Cristian-Clement"]
[WhiteFideId "30966396"]
[BlackFideId "1208926"]
[WhiteElo "2537"]
[BlackElo "2159"]
[Result "1/2-1/2"]
[Round "08"]
[TimeControl "180+1"]
[Date "2022.02.16"]
[WhiteClock "0:00:12"]
[BlackClock "0:00:21"]

1. Nf3 d6 2. c4 e5 3. Nc3 f5 4. d3 Nf6 5. g3 Be7 6. Bg2 O-O 7. O-O Nc6 8. Re1 a5 9. Rb1 Qe8 10. a3 Qh5 11. e3 Ng4 12. h3 Nf6 13. Nd2 Qh6 14. Nf1 Bd7 15. b4 axb4 16. axb4 Rae8 17. b5 Na5 18. b6 c5 19. f4 Bc6 20. Nd5 Bd8 21. Bd2 exf4 22. exf4 Bxd5 23. cxd5 c4 24. Bxa5 cxd3 25. Qxd3 Qg6 26. Re6 Rxe6 27. dxe6 Ne4 28. Re1 Qxe6 29. Ne3 Qa2 30. Qc4+ Qxc4 31. Nxc4 Nxg3 32. Bxb7 Ne4 33. Bd5+ Kh8 34. b7 Bxa5 35. Nxa5 Nc5 36. Bc6 h5 37. Re8 Rxe8 38. Bxe8 Nxb7 39. Nxb7 d5 40. Bxh5 Kh7 41. Nd6 g6 42. Bf3 d4 43. Kf2 Kg7 44. Ke2 Kf6 45. Kd3 g5 46. Kxd4 gxf4 47. Kd3 Kg5 48. Nc4 Kh4 49. Kd4 Kxh3 50. Ke5 Kg3 51. Nd2 Kf2 52. Kxf4 Ke1 53. Nc4 Kf2 54. Kxf5 Kxf3 1/2-1/2


[Site "https://www.chess.com"]

[Event "Titled Tuesday Blitz February 15 Late 2022"]
[White "Al-Tarboush, Ward"]
[Black "Rorrer, Grayson"]
[WhiteFideId "7601450"]
[BlackFideId "30944996"]
[WhiteElo "2276"]
[BlackElo "2122"]
[Result "0-1"]
[Round "08"]
[TimeControl "180+1"]
[Date "2022.02.15"]
[WhiteClock "0:00:06"]
[BlackClock "0:00:07"]

1. e4 c5 2. Nf3 d6 3. d4 cxd4 4. Nxd4 Nf6 5. Nc3 a6 6. h3 e5 7. Nde2 h5 8. g3 Be7 9. Bg2 b5 10. O-O Bb7 11. a3 Nbd7 12. Be3 Rc8 13. Kh2 Nc5 14. Bxc5 Rxc5 15. f4 Qb6 16. Qd3 Ng4+ 17. Kh1 Rc8 18. Qf3 Bf6 19. f5 Ne3 20. Rfc1 Nxg2 21. Kxg2 a5 22. Qf2 Qa6 23. Rd1 Be7 24. h4 Rc4 25. Nd5 Rxe4 26. Kg1 Bxd5 27. Rxd5 Qc6 28. Nc3 b4 29. axb4 axb4 30. Nxe4 Qxd5 31. f6 Qxe4 32. fxe7 Rh6 33. Qb6 Qd4+ 34. Qxd4 exd4 35. Ra4 Re6 36. Rxb4 Re1+ 37. Kf2 Rc1 38. Rc4 Kxe7 39. b4 d5 40. Rc7+ Ke6 41. b5 d3 42. Rc6+ Ke5 43. cxd3 Rxc6 44. bxc6 Kd6 45. Ke3 Kxc6 46. Kf4 Kc5 47. Ke5 f6+ 48. Kf5 Kd4 49. Ke6 Kxd3 50. Kxd5 Ke3 51. Ke6 Kf3 52. Kf7 Kxg3 53. Kxg7 Kxh4 54. Kxf6 Kg4 0-1


[Site "https://www.chess.com"]

[Event "Titled Tuesday Blitz February 15 Late 2022"]
[White "Andreikin, Dmitry"]
[Black "Pichot, Alan"]
[WhiteFideId "4158814"]
[BlackFideId "110973"]
[WhiteElo "2736"]
[BlackElo "2543"]
[Result "1-0"]
[Round "08"]
[TimeControl "180+1"]
[Date "2022.02.15"]
[WhiteClock "0:00:13"]
[BlackClock "0:00:01"]

1. e4 c5 2. Nc3 e6 3. Nge2 Nc6 4. g3 g6 5. d4 d5 6. exd5 exd5 7. Bg2 cxd4 8. Nxd5 Bg7 9. Bf4 g5 10. Bc7 Qd7 11. Qd2 h6 12. c4 Nge7 13. O-O O-O 14. Rac1 Re8 15. Rfd1 Qg4 16. h3 Qe6 17. b4 d3 18. Qxd3 Ne5 19. Bxe5 Qxe5 20. Nec3 Bf5 21. Qf3 Nc6 22. Nb5 Rad8 23. c5 Be4 24. Qxe4 Qxe4 25. Bxe4 Rxe4 26. Nd6 Re2 27. Nxb7 Rb8 28. b5 Nd4 29. Nd6 Nxb5 30. Rb1 a6 31. a4 1-0


[Site "https://www.chess.com"]

[Event "Titled Tuesday Blitz February 15 Late 2022"]
[White "Antonova, Nadezhda"]
[Black "Petrova, Irina"]
[WhiteFideId "14700182"]
[BlackFideId "14124122"]
[WhiteElo "1765"]
[BlackElo "1988"]
[Result "1-0"]
[Round "08"]
[TimeControl "180+1"]
[Date "2022.02.16"]
[WhiteClock "0:00:18"]
[BlackClock "0:00:06"]

1. Nf3 d5 2. b3 c6 3. Bb2 Bg4 4. g3 Nd7 5. Bg2 Ngf6 6. O-O e6 7. h3 Bf5 8. d3 Be7 9. Nh4 Bg6 10. Nxg6 hxg6 11. c4 Qc7 12. Nd2 g5 13. Rc1 g4 14. hxg4 Nxg4 15. Bxg7 Rg8 16. Bb2 Bf6 17. Qc2 Bxb2 18. Qxb2 Qd6 19. cxd5 exd5 20. Nf3 Qh6 21. e4 dxe4 22. Rfe1 O-O-O 23. dxe4 Rh8 24. b4 Kb8 25. b5 cxb5 26. Qxb5 f6 27. Rb1 Nb6 28. a4 Rh7 29. a5 Nc8 30. a6 Nd6 31. Qa5 b6 32. Qb4 Ne5 33. Nxe5 fxe5 34. Red1 Rhd7 35. Rd5 Qf6 36. Rbd1 Kc7 37. Qc3+ Kb8 38. Qxe5 Qxe5 39. Rxe5 Nc4 40. Rxd7 Rxd7 41. Re8+ Kc7 42. Ra8 Kd6 43. Rb8 Kc5 44. Rb7 1-0


[Site "https://www.chess.com"]

[Event "Titled Tuesday Blitz February 15 Late 2022"]
[White "Arabidze, Meri"]
[Black "Herrera Reyes, Jose Antonio"]
[WhiteFideId "13604040"]
[BlackFideId "2274914"]
[WhiteElo "2329"]
[BlackElo "2361"]
[Result "1-0"]
[Round "08"]
[TimeControl "180+1"]
[Date "2022.02.15"]
[WhiteClock "0:00:21"]
[BlackClock "0:00:11"]

1. d4 Nf6 2. Nf3 c5 3. d5 g6 4. Nc3 Bg7 5. e4 O-O 6. Be2 b5 7. e5 Ng4 8. Bf4 d6 9. exd6 exd6 10. O-O b4 11. Ne4 Ne5 12. Bxe5 dxe5 13. Nxc5 Nd7 14. Nxd7 Bxd7 15. Nd2 f5 16. Nc4 Rc8 17. b3 Qg5 18. a3 e4 19. Ra2 f4 20. Kh1 f3 21. gxf3 exf3 22. Bxf3 Qf4 23. Kg2 Qg5+ 24. Kh1 Bh3 25. Rg1 Qf4 26. Rg3 Bf5 27. axb4 Bc3 28. Rxa7 Rce8 29. Ne3 Rxe3 30. fxe3 Qxe3 31. Rc7 Be4 32. Rxc3 Qxc3 33. Bxe4 Ra8 34. Rxc3 1-0


[Site "https://www.chess.com"]

[Event "Titled Tuesday Blitz February 15 Late 2022"]
[White "Barp, Alberto"]
[Black "Foisor, Sabina-Francesca"]
[WhiteFideId "872555"]
[BlackFideId "1212915"]
[WhiteElo "2229"]
[BlackElo "2243"]
[Result "1/2-1/2"]
[Round "08"]
[TimeControl "180+1"]
[Date "2022.02.16"]
[WhiteClock "0:00:21"]
[BlackClock "0:00:16"]

1. d4 d5 2. c4 e6 3. Nf3 Nf6 4. g3 Be7 5. Bg2 O-O 6. Qb3 c6 7. O-O b6 8. Nc3 Ba6 9. cxd5 cxd5 10. Bf4 Nbd7 11. Rfc1 Ne8 12. Nb5 Bxb5 13. Qxb5 Bd6 14. Bd2 Qe7 15. Rc2 Nef6 16. Rac1 h6 17. a3 Ne4 18. Bb4 a6 19. Bxd6 Nxd6 20. Qd3 Ra7 21. Nd2 b5 22. b3 Raa8 23. e3 Rac8 24. Rxc8 Rxc8 25. Rxc8+ Nxc8 26. Qc3 Ncb6 27. Qc1 Qd8 28. Bf1 Qc8 29. Qxc8+ Nxc8 30. a4 Nd6 31. a5 Nb8 32. b4 Nc6 33. Nb3 Nxb4 34. Nc5 Nc6 35. Nxa6 Nxa5 36. Nb4 Kf8 37. Bd3 Ke7 38. f3 Ndc4 39. Kf2 Kd6 40. e4 Nc6 41. e5+ Kc7 42. Nc2 b4 43. Ne3 Nxd4 44. Bxc4 dxc4 45. Nxc4 Kc6 46. Ke3 Kc5 47. Nd6 b3 48. Kd3 b2 49. Ne4+ Kd5 50. Nc3+ Kc5 51. Na4+ Kd5 52. Nc3+ Kc5 53. Na4+ Kc6 54. Nxb2 Nxf3 55. Ke4 Nxh2 56. Nd3 Ng4 57. Kf4 h5 58. Kg5 f6+ 59. exf6 Nxf6 60. Kg6 Ne4 61. Kxh5 Nxg3+ 62. Kg6 Nf5 63. Nf4 Kd6 64. Nh5 Kd5 65. Nf4+ Ke5 66. Nd3+ Kd6 67. Nf4 Ke7 68. Nd3 Kf8 69. Ne5 Ne7+ 70. Kg5 Ke8 71. Nf3 Kd7 72. Ne5+ Kd6 73. Nf7+ Kd5 74. Kf4 Ng6+ 75. Kg5 Ne5 76. Nd8 Nc6 77. Nxe6 Kxe6 78. Kg6 Ne5+ 79. Kxg7 1/2-1/2


[Site "https://www.chess.com"]

[Event "Titled Tuesday Blitz February 15 Late 2022"]
[White "Bellissimo, Joseph F."]
[Black "Kaasen, Tor Fredrik"]
[WhiteFideId "2609843"]
[BlackFideId "1516647"]
[WhiteElo "2061"]
[BlackElo "2335"]
[Result "0-1"]
[Round "08"]
[TimeControl "180+1"]
[Date "2022.02.16"]
[WhiteClock "0:02:13"]
[BlackClock "0:02:37"]

1. e4 c5 2. Nf3 e6 3. c3 Nf6 4. e5 Nd5 5. d4 cxd4 6. cxd4 d6 7. Bc4 Be7 8. O-O O-O 9. Bd2 Bd7 10. Nc3 Nxc3 11. Bxc3 Bc6 12. Bd3 Nd7 13. Re1 dxe5 14. dxe5 Nc5 15. Bc2 Qxd1 16. Raxd1 Bxf3 17. gxf3 Rfd8 18. Bb4 Kf8 19. Kg2 Nd7 20. Bxe7+ Kxe7 21. f4 g6 22. h4 Rac8 23. Be4 Nc5 24. h5 Rxd1 25. Rxd1 Nxe4 26. hxg6 hxg6 27. Rd4 Nc5 28. Rc4 Rc6 29. b4 Nd7 30. Rd4 Nb6 31. a4 Rc4 32. Rxc4 Nxc4 33. Kf3 Nb6 34. a5 Nd5 35. b5 Nc3 36. b6 axb6 37. axb6 Nd5 38. Ke4 Nxb6 39. Kd4 Nd5 40. Ke4 b5 41. Kf3 b4 42. Kg4 b3 43. f5 gxf5+ 44. Kg5 b2 45. f4 b1=Q 46. Kh6 Qg1 47. Kh7 Kf8 48. Kh6 Nxf4 0-1


[Site "https://www.chess.com"]

[Event "Titled Tuesday Blitz February 15 Late 2022"]
[White "Bluebaum, Matthias"]
[Black "Sjugirov, Sanan"]
[WhiteFideId "24651516"]
[BlackFideId "4189302"]
[WhiteElo "2550"]
[BlackElo "2602"]
[Result "1-0"]
[Round "08"]
[TimeControl "180+1"]
[Date "2022.02.15"]
[WhiteClock "0:02:21"]
[BlackClock "0:00:09"]

1. d4 Nf6 2. c4 e6 3. Nc3 Bb4 4. e3 O-O 5. Bd2 d5 6. Nf3 Nbd7 7. Rc1 c6 8. Bd3 dxc4 9. Bxc4 Bd6 10. O-O e5 11. Qc2 Qe7 12. h3 a5 13. a3 Bc7 14. Ba2 g6 15. Rfe1 Kg7 16. e4 exd4 17. Nxd4 Ne5 18. f4 Bb6 19. Be3 Neg4 20. Nf5+ gxf5 21. Bxb6 Nh6 22. exf5 Qd7 23. g4 1-0


[Site "https://www.chess.com"]

[Event "Titled Tuesday Blitz February 15 Late 2022"]
[White "Bolanos, Fernando"]
[Black "Horak, Martin"]
[WhiteFideId "3304094"]
[BlackFideId "367095"]
[WhiteElo "2019"]
[BlackElo "1997"]
[Result "1-0"]
[Round "08"]
[TimeControl "180+1"]
[Date "2022.02.16"]
[WhiteClock "0:00:08"]
[BlackClock "0:00:02"]

1. e4 c5 2. Nf3 d6 3. d3 Nf6 4. Nbd2 g6 5. g3 Bg7 6. Bg2 O-O 7. O-O Nc6 8. c3 Rb8 9. Re1 b5 10. Qe2 b4 11. Nc4 Ba6 12. Bd2 Nd7 13. Rab1 Nb6 14. Nxb6 Qxb6 15. c4 Bc8 16. Rbd1 Bg4 17. Bc1 Nd4 18. Qe3 Bxf3 19. Bxf3 Nc2 20. Qg5 Nxe1 21. Rxe1 Qc7 22. h4 a5 23. h5 a4 24. Kg2 Qd8 25. Rh1 e6 26. Qg4 Qf6 27. Qh3 Rfe8 28. hxg6 hxg6 29. Qh7+ Kf8 30. Rh4 Ke7 31. e5 dxe5 32. Bh6 Bxh6 33. Qxh6 Rh8 34. Qe3 Kd6 35. Re4 Rh7 36. Kf1 Rhh8 37. Ke2 Rhc8 38. g4 Ke7 39. g5 Qf5 40. Rxe5 Qh3 41. Rxc5 Rxc5 42. Qxc5+ Ke8 43. Bc6+ Kd8 44. Qd6+ Kc8 45. Qd7# 1-0


[Site "https://www.chess.com"]

[Event "Titled Tuesday Blitz February 15 Late 2022"]
[White "Briscoe, Chris"]
[Black "Howell, David W L"]
[WhiteFideId "408360"]
[BlackFideId "410608"]
[WhiteElo "2111"]
[BlackElo "2559"]
[Result "0-1"]
[Round "08"]
[TimeControl "180+1"]
[Date "2022.02.16"]
[WhiteClock "0:00:02"]
[BlackClock "0:00:17"]

1. e4 e6 2. d4 d5 3. Nc3 dxe4 4. Nxe4 Nd7 5. Nf3 Ngf6 6. Nxf6+ Nxf6 7. Ne5 Bd6 8. Bd3 c5 9. O-O O-O 10. c3 cxd4 11. cxd4 Be7 12. Bg5 Nd5 13. Bxe7 Qxe7 14. Re1 b6 15. Rc1 Bb7 16. Qg4 Rac8 17. a3 Rfd8 18. Qh3 h6 19. Be4 Nf6 20. Bxb7 Qxb7 21. Qh4 Rxc1 22. Rxc1 Rc8 23. Qf4 Rc7 24. h4 Qc8 25. Rxc7 Qxc7 26. Qd2 Nd5 27. Nf3 Kf8 28. g3 Ke7 29. Kg2 Qb7 30. Qd3 Qc6 31. Qe4 a5 32. Ne5 Ne3+ 33. Kf3 Qxe4+ 34. Kxe4 Nd5 35. Nd3 g5 36. hxg5 hxg5 37. f4 f5+ 38. Kf3 g4+ 39. Ke2 Kd6 40. Ne5 Nf6 41. Nd3 Ne4 42. Ke3 Nxg3 43. Nc1 Ne4 44. Nb3 Nf6 45. Nd2 Nd5+ 46. Kd3 Nxf4+ 47. Kc4 Nd5 48. Kb5 f4 49. Nc4+ Kc7 50. Ne5 g3 51. Nf3 g2 52. b4 Kd6 53. bxa5 bxa5 54. Kxa5 Nc3 55. Kb4 Ne2 0-1


[Site "https://www.chess.com"]

[Event "Titled Tuesday Blitz February 15 Late 2022"]
[White "Brunner, Nicolas"]
[Black "Kim, Sergey"]
[WhiteFideId "620246"]
[BlackFideId "13700570"]
[WhiteElo "2372"]
[BlackElo "2612"]
[Result "0-1"]
[Round "08"]
[TimeControl "180+1"]
[Date "2022.02.16"]
[WhiteClock "0:01:11"]
[BlackClock "0:01:59"]

1. d4 Nf6 2. c4 g6 3. Nf3 Bg7 4. Nc3 d6 5. e4 O-O 6. Be2 e5 7. O-O exd4 8. Nxd4 Re8 9. f3 Nbd7 10. Kh1 c6 11. Nc2 Re7 12. Qxd6 Re6 13. Qd1 a5 14. Be3 a4 15. Qd2 Qa5 16. a3 Re8 17. Rad1 Nc5 18. Nd4 Nfd7 19. Qc2 Ne5 20. Rfe1 Ne6 21. f4 Ng4 22. Bxg4 Nxd4 23. Bxd4 Bxg4 24. Rd2 Bf8 25. h3 Be6 26. Nd1 Rad8 27. Ne3 Rxd4 28. Rxd4 Qxe1+ 0-1


[Site "https://www.chess.com"]

[Event "Titled Tuesday Blitz February 15 Late 2022"]
[White "Burke, Paul"]
[Black "Moreira, Ronaldo Alonso"]
[WhiteFideId "2605767"]
[BlackFideId "2110547"]
[WhiteElo "1822"]
[BlackElo "2037"]
[Result "1-0"]
[Round "08"]
[TimeControl "180+1"]
[Date "2022.02.16"]
[WhiteClock "0:00:34"]
[BlackClock "0:00:01"]

1. e4 e5 2. Nf3 Nc6 3. Bc4 Nf6 4. d4 exd4 5. O-O Nxe4 6. Re1 d5 7. Bxd5 Qxd5 8. Nc3 Qd7 9. Nxe4 Be7 10. Nfg5 O-O 11. Qh5 h6 12. Nf3 Qg4 13. Qxg4 Bxg4 14. Bf4 Rac8 15. Ne5 Nxe5 16. Bxe5 Rfd8 17. Ng3 Bb4 18. c3 Bc5 19. h3 Be6 20. Ne4 Bb6 21. cxd4 Bxd4 22. Bxd4 Rxd4 23. Nc5 Bd5 24. Nb3 Bxb3 25. axb3 a6 26. Re7 Kf8 27. Rae1 Rd3 28. R1e2 Rxb3 29. Rd7 Re8 30. Red2 c6 31. Rc7 Rb5 32. Rdd7 Rf5 33. Rxb7 g6 34. f3 Re2 35. Kf1 Rc2 36. Rb8+ Kg7 37. Rb6 Rb5 38. Rxb5 1-0


[Site "https://www.chess.com"]